Map: Neon Violet Square LE

Players

Elazer

  • Race: Zerg Zerg
  • League: Master
  • Spawn Location: 11:00

TYTY (TY) - Winner!

  • Race: Terran Terran
  • League: Master
  • Spawn Location: 5:00

Event: Memes & Dreams Invitational

VOD

Have the link to the VOD?

Description

Time

  • Played on: April 14, 2018, 12:58 a.m.
  • Length: 27:17

All games in this series

Show
View Real Time Build Order
Export as new Build Order

Elazer Zerg 

Build Orders: Hatch First, Roach Hydra, Swarm Host 

Get SALT Encoding   

  12  0:00  Drone  
  13  0:12  Overlord  
  13  0:17  Drone  
  14  0:30  Drone x2  
  16  0:49  Hatchery  
  15  0:52  Drone  
  15  0:56  Drone  
  17  0:59  Drone  
  18  1:11  Extractor  
  17  1:15  Spawning Pool  
  17  1:18  Drone  
  17  1:21  Drone  
  18  1:28  Drone  
  19  1:39  Drone  
  20  1:50  Overlord  
  20  2:01  Queen x2  
  20  2:02  Zergling x4  
  26  2:10  Metabolic Boost  
  26  2:12  Drone  
  26  2:14  Drone  
  28  2:22  Drone x2  
  30  2:35  Drone x2  
  31  2:48  Spore Crawler  
  31  2:50  Queen  
  33  2:52  Hatchery  
  33  2:54  Overlord  
  33  2:56  Drone  
  33  2:58  Drone  
  33  3:00  Drone  
  35  3:13  Drone x2  
  35  3:14  Overlord  
  35  3:15  Drone x3  
  35  3:18  Drone x2  
  42  3:27  Drone  
  42  3:32  Overlord, Queen  
  45  3:36  Drone x2  
  45  3:39  Drone  
  48  3:42  Drone  
  48  3:45  Drone  
  48  3:47  Drone  
  51  3:52  Overlord  
  49  3:56  Drone x2  
  49  4:02  Drone x3  
  52  4:04  Drone  
  52  4:06  Drone  
  52  4:08  Drone  
  55  4:12  Queen  
  55  4:15  Drone  
  55  4:16  Drone, Lair  
  55  4:17  Drone  
  60  4:18  Drone x3  
  63  4:32  Extractor, Drone x3  
  63  4:33  Extractor  
  63  4:34  Roach Warren  
  63  4:42  Spore Crawler  
  63  4:43  Zergling x2  
  63  4:44  Zergling x6  
  66  4:48  Spore Crawler  
  66  4:52  Spore Crawler, Queen  
  66  4:57  Overlord  
  66  5:00  Overlord  
  65  5:09  Drone, Overlord  
  65  5:14  Overlord  
  64  5:24  Overlord  
  64  5:27  Glial Reconstitution  
  60  5:33  Drone  
  60  5:34  Drone x3  
  60  5:35  Drone x5, Hatchery  
  68  5:36  Drone x5  
  68  5:38  Extractor  
  68  5:39  Drone  
  72  5:44  Roach x2  
  72  5:46  Pneumatized Carapace  
  76  5:53  Extractor x2  
  76  5:56  Drone  
  75  5:59  Zergling x4  
  75  6:01  Overseer  
  79  6:11  Roach x9  
  79  6:14  Overlord  
  95  6:19  Overlord  
  95  6:20  Drone x2  
  97  6:32  Drone x2  
  99  6:34  Overlord  
  99  6:35  Drone x2, Evolution Chamber  
  99  6:36  Drone x2  
  99  6:37  Evolution Chamber  
  99  6:38  Drone x3  
  104  6:45  Extractor, Infestation Pit  
  104  6:46  Drone x2  
  103  6:49  Drone x2, Extractor  
  103  6:53  Drone x2  
  104  6:54  Drone  
  104  6:55  Drone  
  104  6:59  Overlord  
  106  7:04  Overlord  
  106  7:05  Drone x3  
  106  7:06  Drone  
  110  7:12  Zerg Ground Armor Level 1, Zerg Missile Weapons Level 1  
  110  7:20  Roach x4  
  118  7:25  Hive  
  118  7:28  Hydralisk Den  
  117  7:34  Hatchery  
  117  7:36  Drone x3  
  119  7:42  Drone x2  
  119  7:43  Drone  
  122  7:49  Overlord  
  122  7:50  Roach  
  122  7:51  Roach x4  
  132  8:01  Muscular Augments  
  132  8:04  Hydralisk x5  
  142  8:13  Hydralisk x2  
  142  8:14  Hydralisk x2  
  142  8:15  Overlord  
  142  8:18  Overlord  
  150  8:20  Overlord  
  148  8:36  Viper x5  
  148  8:38  Overlord x2  
  148  8:39  Overlord  
  163  8:43  Hydralisk x2  
  167  8:51  Hydralisk x4  
  175  8:56  Roach x3  
  179  9:07  Zerg Ground Armor Level 2, Zerg Missile Weapons Level 2  
  179  9:10  Hydralisk x3  
  179  9:13  Grooved Spines  
  179  9:14  Hydralisk  
  179  9:15  Hydralisk  
  189  9:24  Hydralisk  
  189  9:25  Hydralisk x4  
  189  9:27  Ravager  
  200  9:41  Overseer  
  200  9:47  Spire  
  197  9:58  Hydralisk  
  183  10:15  Hydralisk x6  
  183  10:21  Hydralisk x2  
  199  10:34  Viper x2  
  194  10:36  Hydralisk x3  
  190  11:01  Greater Spire  
  190  11:05  Spire  
  189  11:12  Drone x3  
  189  11:13  Drone x3, Spine Crawler x2  
  189  11:15  Spine Crawler  
  189  11:17  Spore Crawler  
  189  11:18  Extractor x2, Drone  
  189  11:19  Drone x5, Spine Crawler  
  189  11:20  Spine Crawler  
  189  11:21  Spine Crawler  
  189  11:22  Drone x5  
  189  11:24  Spore Crawler, Hatchery  
  189  11:25  Spore Crawler x3  
  193  11:26  Spore Crawler  
  193  11:28  Spore Crawler  
  193  11:29  Spore Crawler  
  193  11:31  Spore Crawler  
  188  11:38  Spore Crawler  
  187  11:42  Corruptor x5  
  195  11:53  Overlord x2  
  168  12:47  Brood Lord x5  
  168  12:48  Swarm Host x8  
  196  13:07  Swarm Host  
  196  13:08  Swarm Host x3  
  198  13:14  Spore Crawler, Drone x2, Spine Crawler, Hatchery  
  198  13:15  Drone x3  
  200  13:34  Zerg Flyer Weapons Level 1  
  200  13:35  Zerg Flyer Armor Level 1  
  200  13:36  Hatchery  
  199  13:46  Viper x2  
  199  13:47  Viper  
  187  13:59  Infestor  
  187  14:02  Zerg Ground Armor Level 3, Zerg Missile Weapons Level 3  
  177  14:20  Swarm Host x6  
  193  14:37  Hydralisk x2  
  193  14:38  Hydralisk  
  193  14:46  Drone x7  
  185  15:28  Swarm Host x3  
  188  15:37  Extractor x2  
  188  15:39  Corruptor  
  188  15:40  Corruptor x2  
  188  15:45  Infestor  
  188  15:46  Infestor x5  
  200  16:00  Spine Crawler  
  200  16:02  Spine Crawler x2  
  200  16:04  Spine Crawler  
  196  16:07  Hydralisk x2  
  198  16:27  Drone x2  
  196  16:39  Zerg Melee Weapons Level 1  
  175  16:54  Drone  
  175  16:55  Drone x3  
  175  16:56  Drone  
  175  16:57  Drone x7  
  175  16:58  Drone x2  
  188  17:03  Infestor  
  188  17:05  Hydralisk x3  
  188  17:08  Zerg Flyer Weapons Level 2, Zerg Flyer Armor Level 2  
  196  17:14  Hydralisk x2  
  191  17:40  Hydralisk x4  
  199  17:53  Spore Crawler  
  199  17:54  Spore Crawler  
  199  17:55  Spore Crawler x2  
  199  17:56  Hydralisk x2  
  199  18:01  Extractor  
  199  18:02  Extractor  
  199  18:04  Hydralisk x7  
  189  18:35  Hydralisk x4  
  195  18:42  Hatchery  
  171  18:56  Infestor x7  
  183  19:15  Hydralisk x7  
  197  19:24  Hatchery  
  196  19:29  Spore Crawler x5  
  196  19:30  Extractor  
  184  19:54  Queen x2  
  184  19:55  Extractor  
  184  19:58  Extractor  
  183  20:02  Infestor  
  183  20:03  Infestor x3  
  181  20:12  Swarm Host x4  
  160  20:42  Infestor  
  160  20:43  Infestor x3  
  160  20:49  Hatchery, Zerg Melee Weapons Level 2  
  167  20:57  Drone x2  
  167  20:58  Drone x5  
  167  20:59  Drone x6  
  178  21:07  Hydralisk x2  
  178  21:09  Hatchery  
  181  21:19  Hydralisk x6  
  193  21:28  Hatchery  
  188  21:45  Hydralisk  
  188  21:46  Hydralisk x11  
  174  21:56  Hydralisk x3  
  180  22:03  Infestor x4  
  187  22:12  Hydralisk x2  
  187  22:13  Hydralisk x2  
  185  22:23  Drone x3  
  185  22:28  Drone x4  
  178  22:49  Drone x9  
  179  23:09  Hydralisk x5  
  179  23:10  Hydralisk x2  
  190  23:18  Overseer x3  
  175  23:27  Drone x3  
  175  23:29  Extractor  
  175  23:32  Drone x3  
  180  23:36  Infestor  
  180  23:37  Infestor x8  
  182  24:04  Infestor x2  
  182  24:05  Hydralisk  
  182  24:06  Hydralisk x6  
  200  24:15  Overseer x2  
  188  24:24  Infestor  
  188  24:25  Infestor x5  
  161  25:30  Hydralisk  
  161  25:31  Hydralisk x10  
  161  25:33  Hydralisk x4  
  161  25:34  Overlord x2  
  161  25:35  Overlord  
  179  25:37  Hatchery  
  179  25:38  Overseer  
  176  25:51  Hydralisk  
  176  25:52  Hydralisk x4  
  178  26:13  Hydralisk x7  
  178  26:16  Infestor x2  
  176  26:30  Hydralisk  
  176  26:31  Hydralisk x9  
  178  26:39  Infestor  
  165  26:40  Infestor x2  
Show
View Real Time Build Order
Export as new Build Order

TYTY Terran - Winner!

Build Orders: Liberator Opening, Reaper Expand, Mech 

Get SALT Encoding   

  12  0:00  SCV  
  13  0:12  SCV  
  14  0:17  Supply Depot  
  14  0:25  SCV  
  15  0:39  Barracks, SCV  
  16  0:44  Refinery  
  16  0:51  SCV  
  17  1:03  SCV  
  18  1:15  SCV  
  19  1:26  Reaper  
  19  1:27  Orbital Command  
  20  1:42  Command Center  
  20  1:53  SCV  
  21  1:54  Supply Depot  
  21  1:58  Marine  
  22  2:07  Factory  
  22  2:11  SCV  
  23  2:18  Refinery  
  23  2:20  Barracks Reactor  
  23  2:23  SCV  
  24  2:35  SCV  
  25  2:47  SCV  
  26  2:55  Starport  
  26  2:56  Orbital Command  
  26  2:59  SCV  
  26  3:01  Hellion x2  
  31  3:11  SCV  
  31  3:12  Barracks Tech Lab  
  32  3:22  SCV  
  32  3:23  SCV, Liberator  
  32  3:24  Hellion x2  
  38  3:34  SCV  
  38  3:37  Barracks Tech Lab, SCV  
  38  3:39  Supply Depot  
  43  3:46  SCV  
  43  3:48  Hellion  
  46  3:55  SCV  
  45  3:58  SCV  
  45  3:59  Hellion  
  46  4:03  Armory  
  46  4:07  SCV  
  46  4:11  Hellion, SCV  
  46  4:16  Supply Depot  
  49  4:19  SCV  
  49  4:20  Hellion  
  49  4:23  SCV  
  53  4:32  SCV  
  53  4:35  Supply Depot  
  53  4:37  Raven  
  56  4:40  SCV  
  56  4:42  Command Center  
  56  4:45  Hellion  
  59  4:48  Hellion  
  59  4:49  SCV  
  62  4:56  Refinery x2  
  62  4:57  SCV  
  62  4:58  Supply Depot  
  61  5:07  SCV  
  61  5:11  Hellion x3  
  61  5:12  Hellion x2  
  61  5:13  Terran Vehicle Weapons Level 1  
  64  5:15  SCV, Armory  
  64  5:19  SCV  
  64  5:27  SCV  
  65  5:33  Hellion  
  65  5:34  SCV  
  65  5:40  Factory, SCV  
  66  5:46  Factory, SCV  
  67  5:50  Starport Reactor  
  67  5:51  Hellion  
  67  5:52  SCV  
  67  5:54  Orbital Command  
  70  5:57  Refinery  
  70  5:58  Hellion, SCV  
  70  6:04  Terran Vehicle And Ship Armor Level 1, SCV, Refinery  
  74  6:10  SCV  
  75  6:13  Hellion  
  75  6:16  SCV  
  78  6:19  Hellion  
  78  6:22  SCV  
  78  6:24  Siege Tank  
  84  6:27  Supply Depot  
  84  6:28  SCV, Viking  
  89  6:34  Supply Depot, Siege Tank  
  89  6:35  SCV x2  
  92  6:40  SCV  
  92  6:45  Supply Depot  
  92  6:47  SCV  
  92  6:49  Viking  
  92  6:52  Supply Depot x2  
  92  6:53  SCV x2  
  97  6:57  Siege Tank  
  97  7:00  SCV  
  101  7:07  Siege Tank  
  104  7:12  SCV  
  105  7:16  Terran Vehicle Weapons Level 2  
  105  7:22  Command Center  
  105  7:29  Siege Tank  
  106  7:33  Starport  
  106  7:34  Starport  
  106  7:35  Hellion x2  
  113  7:38  Supply Depot  
  113  7:41  Hellion x3, Viking x2  
  113  7:42  Hellion x8  
  114  7:47  SCV x2  
  114  7:48  SCV  
  114  7:50  Siege Tank  
  120  8:01  Hellion, Starport, Siege Tank  
  127  8:11  Command Center  
  127  8:12  Starport Tech Lab  
  125  8:13  Starport Tech Lab  
  125  8:14  Engineering Bay  
  125  8:17  Hellion, Infernal Pre-Igniter  
  125  8:19  SCV  
  129  8:20  SCV x2  
  130  8:31  Raven x2  
  134  8:35  SCV x3  
  134  8:37  Hellion  
  134  8:39  Starport Tech Lab, Refinery  
  134  8:40  Corvid Reactor  
  135  8:45  Missile Turret, Refinery  
  135  8:55  Orbital Command  
  135  8:57  Hellion  
  135  8:58  Raven  
  135  9:02  SCV x3  
  142  9:07  Sensor Tower  
  140  9:11  Hellion, Siege Tank  
  140  9:12  Siege Tank  
  140  9:14  Missile Turret, SCV  
  149  9:20  SCV x2  
  149  9:21  SCV  
  149  9:22  Raven  
  148  9:26  SCV  
  148  9:30  Raven  
  151  9:35  Viking  
  152  9:38  Refinery  
  152  9:44  Supply Depot, Hellion x2, Raven  
  152  9:45  SCV x3  
  161  9:46  SCV  
  161  9:48  Missile Turret  
  162  9:58  Refinery  
  162  10:02  SCV  
  162  10:05  Viking, SCV, Planetary Fortress  
  162  10:06  Hellion x2  
  160  10:19  SCV  
  159  10:22  Hi-Sec Auto Tracking  
  159  10:23  Hellion x2  
  161  10:29  Raven x2  
  157  10:37  SCV x3  
  157  10:40  Siege Tank x2  
  164  10:44  Hellion x2  
  164  10:45  Raven  
  164  10:47  Missile Turret  
  164  10:49  Missile Turret  
  170  11:00  Missile Turret, SCV  
  170  11:02  Missile Turret  
  170  11:04  Missile Turret  
  169  11:06  Hellion, Terran Vehicle And Ship Armor Level 2  
  169  11:07  Terran Ship Weapons Level 1  
  169  11:10  Supply Depot, Command Center  
  171  11:13  Command Center  
  171  11:23  Missile Turret  
  171  11:28  Sensor Tower  
  171  11:32  Hellion, Raven x3  
  179  11:36  Fusion Core  
  179  11:42  Supply Depot  
  179  11:48  Hellion, Command Center  
  179  11:49  Siege Tank, SCV, Missile Turret  
  179  11:51  Siege Tank  
  179  11:57  SCV  
  179  11:58  Missile Turret  
  179  12:00  SCV  
  179  12:03  SCV x2  
  179  12:04  Hellion  
  183  12:11  Command Center  
  183  12:14  Viking x2  
  183  12:15  Raven  
  187  12:17  Smart Servos  
  187  12:19  Raven  
  187  12:22  Raven  
  189  12:24  Advanced Ballistics  
  189  12:30  Command Center  
  189  12:33  Command Center  
  183  12:38  SCV x4  
  183  12:43  Orbital Command x2  
  171  12:44  Siege Tank x2  
  171  12:46  Hellion x2  
  171  12:48  Liberator  
  171  12:49  Liberator  
  181  12:51  Liberator x2  
  181  12:52  Missile Turret  
  181  12:55  Missile Turret  
  177  13:01  Terran Vehicle Weapons Level 3  
  177  13:02  Hellion x3  
  166  13:12  Hellion, SCV x3  
  183  13:16  Siege Tank x2  
  191  13:20  Hellion  
  194  13:31  Liberator  
  194  13:37  Liberator  
  192  13:48  Siege Tank  
  192  13:50  Siege Tank  
  192  13:55  Raven x2  
  200  13:57  Planetary Fortress  
  200  14:03  Command Center  
  200  14:05  Terran Ship Weapons Level 2  
  200  14:13  Refinery  
  200  14:15  Factory  
  200  14:16  Missile Turret  
  200  14:17  Factory, Refinery  
  200  14:18  Missile Turret  
  200  14:43  Barracks  
  200  14:44  Barracks x2, Engineering Bay  
  200  14:45  Barracks, Engineering Bay  
  189  14:46  Siege Tank x2, Ghost Academy  
  189  14:48  Hellion x2  
  196  15:12  Raven  
  195  15:18  Siege Tank x2  
  194  15:27  Factory Reactor, Factory Tech Lab  
  194  15:28  Hellion x2  
  194  15:29  Raven x2  
  198  15:36  Terran Infantry Weapons Level 1  
  198  15:37  Personal Cloaking, Terran Infantry Armor Level 1  
  197  15:47  Barracks Tech Lab x3  
  194  15:54  Siege Tank x2  
  200  16:01  Barracks Tech Lab  
  200  16:04  Barracks  
  200  16:05  Barracks  
  200  16:07  Missile Turret  
  200  16:08  Missile Turret  
  192  16:33  Cyclone  
  192  16:34  Rapid Fire Launchers, Cyclone  
  193  16:40  Cyclone x2  
  187  16:48  Cyclone  
  187  16:49  Cyclone x2  
  187  16:52  Planetary Fortress  
  192  16:56  Barracks Tech Lab x2  
  192  16:58  Stimpack, Combat Shields  
  192  17:03  Nuke, Terran Ship Weapons Level 3, Terran Vehicle And Ship Armor Level 3  
  192  17:04  Command Center  
  192  17:05  Cyclone  
  192  17:06  Cyclone  
  198  17:20  Cyclone  
  198  17:27  Cyclone  
  198  17:29  Cyclone  
  198  17:32  Cyclone  
  198  17:33  Cyclone  
  198  17:42  Refinery x2  
  198  17:48  Terran Infantry Armor Level 2, Terran Infantry Weapons Level 2, Ghost Academy  
  198  17:50  Ghost Academy  
  199  17:54  Cyclone  
  197  18:16  Cyclone x3  
  197  18:17  Cyclone x2  
  197  18:18  Cyclone  
  196  18:27  Command Center x2, Cyclone  
  187  18:28  Command Center  
  187  18:31  Command Center  
  184  18:34  Ghost  
  184  18:35  Ghost  
  184  18:36  Ghost x2  
  184  18:37  Ghost x2  
  184  18:39  Orbital Command  
  196  18:48  Cyclone  
  196  18:54  Cyclone x2  
  190  19:13  Ghost x3, Cyclone  
  190  19:14  Ghost x2  
  199  19:24  Ghost  
  189  19:40  Orbital Command  
  189  19:41  Ghost, Orbital Command x2  
  189  19:42  Ghost x2  
  193  19:47  Ghost x2  
  193  19:51  Command Center  
  197  19:54  Command Center  
  197  20:04  Ghost  
  197  20:05  Cyclone x3  
  193  20:18  Cyclone  
  196  20:22  Terran Infantry Armor Level 3, Terran Infantry Weapons Level 3  
  188  20:37  Cyclone  
  185  20:42  Cyclone  
  185  20:49  Hellion x4  
  184  20:50  Hellion  
  186  21:08  Refinery  
  186  21:10  Hellion x5  
  196  21:12  Hellion  
  196  21:15  Hellion  
  191  21:30  Refinery  
  191  21:31  Hellion  
  191  21:32  Hellion x4  
  181  21:52  Hellion x2, Ghost x2  
  181  21:53  Hellion  
  185  21:56  Hellion x2, SCV x2  
  185  22:00  Planetary Fortress  
  191  22:01  Ghost x2  
  191  22:02  Ghost x2  
  199  22:13  Hellion x2  
  194  22:19  Hellion x5  
  194  22:20  Ghost  
  194  22:21  Ghost  
  199  22:23  SCV  
  194  22:30  Ghost  
  194  22:33  Ghost x2  
  180  22:42  Medivac x2  
  180  22:43  Medivac x2  
  182  22:45  Orbital Command  
  182  22:46  Hellion x2  
  182  22:47  Hellion x2  
  182  22:48  Hellion  
  182  22:50  Hellion x2  
  188  23:04  Refinery  
  188  23:05  Refinery, Orbital Command  
  180  23:07  Orbital Command  
  180  23:08  Hellion x2  
  180  23:11  Missile Turret x2  
  184  23:19  Hellion x5  
  194  23:23  SCV x2  
  193  23:29  Hellion x2  
  193  23:33  Medivac  
  193  23:50  Unknown x3  
  167  24:05  Hellion  
  167  24:06  Hellion x3  
  175  24:13  Raven x2  
  175  24:14  SCV x3  
  167  24:27  Hellion  
  167  24:28  Hellion  
  167  24:29  Hellion  
  175  24:36  Command Center  
  177  24:40  Liberator x3  
  177  24:42  Liberator x2  
  177  24:48  Hellion  
  177  24:55  Nuke  
  177  24:56  Nuke x2  
  186  25:01  Hellion x6  
  198  25:09  Unknown x2  
  198  25:10  Hellion, Unknown  
  184  25:22  Hellion x2  
  184  25:28  Hellion x2, Orbital Command  
  180  25:29  Hellion x2, Orbital Command  
  180  25:31  Hellion  
  178  25:44  Hellion x2  
  178  25:48  Ghost x4  
  194  25:50  Hellion x4  
  194  25:52  Hellion  
  194  25:56  SCV x2  
  176  26:36  Command Center  
  176  26:37  Cyclone  
  176  26:38  Command Center  
  176  26:39  Hellion x6  
  195  26:42  SCV x2  
  195  26:43  SCV  
  195  26:47  Refinery x2  
  194  26:49  Command Center  
Tags
 
Add a new tag
Caveats
  • Supply blocks, unpowered buildings, or Contaminate may cause inaccurate times.
  • Supply counts are checked every 10 seconds.